 Dungeon Crawl Stone Soup version 0.28-a0-1227-ga9037bb4c8 (webtiles) character file.

Game seed: 12343323054939661789

8314 dr0g0th the Basher (level 11, 0/69 HPs)
             Began as a Gargoyle Fighter on Dec 22, 2021.
             Slain by a two-headed ogre (8 damage)
             ... on level 9 of the Dungeon.
             The game lasted 00:14:51 (9200 turns).

dr0g0th the Basher (Gargoyle Fighter)               Turns: 9200, Time: 00:14:52

Health: 0/69       AC: 28    Str: 24    XL:     11   Next: 28%
Magic:  0/11       EV: 11    Int:  9    God:
Gold:   400        SH:  5    Dex:  9    Spells: 10/10 levels left

rFire   . . .      SeeInvis .   q - +0 morningstar
rCold   . . .      Faith    .   c - +0 buckler
rNeg    + . .      Spirit   +   m - +1 plate armour
rPois   ∞          Reflect  .   (no helmet)
rElec   +          Harm     .   y - +1 cloak
rCorr   +          Rampage  .   o - +0 pair of gloves
Will    .....                   k - +0 pair of boots
Stlth   ..........              f - amulet of guardian spirit
HPRegen 0.21/turn               i - +4 ring of evasion
MPRegen 0.12/turn               v - ring of resist corrosion

@: hasted, very quick
A: sickness immunity, AC +8, negative energy resistance 1, electricity
resistance, torment resistance 1, petrification resistance
a: no special abilities


You were on level 9 of the Dungeon.
You visited 1 branch of the dungeon, and saw 10 of its levels.

You collected 400 gold pieces.

Inventory:

Hand Weapons
 e - a +1 mace of protection
 q - a +0 morningstar (weapon)
 s - a +1 whip of flaming
 A - a +0 dire flail
Armour
 c - a +0 buckler (worn)
 k - a +0 pair of boots (worn)
 m - a +1 plate armour (worn)
 o - a +0 pair of gloves (worn)
 y - a +1 cloak (worn)
Jewellery
 f - an amulet of guardian spirit (around neck)
 i - a +4 ring of evasion (left hand)
 v - a ring of resist corrosion (right hand)
Wands
 g - a wand of acid (11)
 l - a wand of iceblast (7)
 n - a wand of flame (3)
 t - a wand of digging (2)
 z - a wand of charming (3)
Scrolls
 a - a scroll of fear
 b - a scroll of blinking
 d - a scroll of amnesia {unknown}
 h - 4 scrolls of identify
 r - a scroll of fog
 w - 2 scrolls of noise {unknown}
 x - 2 scrolls of enchant armour
 C - a scroll of holy word
Potions
 j - 2 potions of magic
 p - 6 potions of curing
 u - 3 potions of mutation {unknown}
 B - a potion of attraction {unknown}
 E - a potion of lignification {unknown}


   Skills:
 + Level 8.7 Fighting
 + Level 12.4 Maces & Flails
 + Level 8.7 Armour
 + Level 1.7 Dodging
 + Level 0.5 Stealth
 + Level 7.1 Shields


You had 10 spell levels left.
You didn't know any spells.
Your spell library contained the following spells:

 Spells                   Type           Power      Damage    Failure   Level
 Animate Skeleton         Necr           0%         N/A       99%         1
 Apportation              Tloc           0%         N/A       99%         1
 Magic Dart               Conj           0%         1d3       99%         1
 Summon Small Mammal      Summ           0%         N/A       99%         1
 Call Imp                 Summ           0%         N/A       100%        2
 Static Discharge         Conj/Air       0%         N/A       100%        2
 Gell's Gravitas          Tloc           0%         N/A       100%        3
 Mephitic Cloud           Conj/Pois/Air  0%         N/A       100%        3
 Teleport Other           Tloc           0%         N/A       100%        3
 Tukima's Dance           Hex            0%         N/A       100%        3
 Animate Armour           Summ/Erth      0%         N/A       100%        4
 Dispel Undead            Necr           0%         3d6       100%        4
 Passage of Golubria      Tloc           0%         N/A       100%        4
 Sticky Flame             Conj/Fire      0%         2d3       100%        4
 Blade Hands              Tmut           0%         N/A       100%        5
 Yara's Violent Unravell  Hex/Tmut       0%         3d3       100%        5
 Dispersal                Tloc           0%         N/A       100%        6
 Iron Shot                Conj/Erth      0%         9d1       100%        6
 Chain Lightning          Conj/Air       0%         N/A       100%        9
 Fire Storm               Conj/Fire      0%         5d1       100%        9
 Shatter                  Erth           0%         3d5*      100%        9


Dungeon Overview and Level Annotations

Branches:
Dungeon (10/15)
 Temple: D:4-7         Lair: D:8-11         Orc: D:9-12

Altars:
Elyvilon
Gozag
Kikubaaqudgha
Uskayaw

Shops:
D:8 *

Annotations:
D:9 2 transporters, KennySheep's ghost, novice DECj
D:10 Maggie


Innate Abilities, Weirdness & Mutations

You are immune to sickness and miasma.
Your stone body is resilient. (AC +8)
You are immune to poison.
You resist negative energy. (rN+)
You are resistant to electric shocks. (rElec)
You are resistant to unholy torment.
You are immune to petrification.


Message History

A troll comes into view.
You block the two-headed ogre's attack.
The two-headed ogre hits you with a +0 giant spiked club.
The centaur shoots an arrow.
You block the arrow.
There is a stone staircase leading up here.
The troll shouts!
The two-headed ogre hits you with a +0 giant spiked club. x2
The centaur shoots an arrow.
You block the arrow.
You climb upwards.
Level annotation: 2 transporters, KennySheep's ghost, novice DECj
There is a stone staircase leading down here.
You hit the two-headed ogre but do no damage.
The two-headed ogre closely misses you. x2
You puncture the two-headed ogre!
The two-headed ogre is moderately wounded.
You closely miss the two-headed ogre.
The two-headed ogre is moderately wounded.
The two-headed ogre barely misses you.
The two-headed ogre hits you with a +0 giant spiked club!
You closely miss the two-headed ogre.
The two-headed ogre is moderately wounded.
The two-headed ogre completely misses you.
The two-headed ogre hits you but does no damage.
You puncture the two-headed ogre!
The two-headed ogre is heavily wounded.
You sock the two-headed ogre!
The two-headed ogre is severely wounded.
The two-headed ogre hits you with a +0 giant spiked club.
The two-headed ogre hits you with a +0 giant spiked club!
You closely miss the two-headed ogre.
The two-headed ogre is severely wounded.
The two-headed ogre hits you with a +0 giant spiked club!!
* * * LOW HITPOINT WARNING * * *
The two-headed ogre hits you with a +0 giant spiked club.
* * * LOW HITPOINT WARNING * * *
You feel yourself speed up.
You sock the two-headed ogre!
The two-headed ogre is almost dead.
The two-headed ogre hits you with a +0 giant spiked club!
You die...

#..#.#..### ##.#.#.## #..#..#
#################.#.#############
.................................
.............................[...
.......................#####.....
.........(..##...................
....###....<....@.............###
................O................
....................[............
.(...............................
#################################


You could see a two-headed ogre.

Vanquished Creatures
  A hydra (D:9)
  Erica (D:8)
  3 centaur warriors
  A wizard (D:9)
  Pikel (D:6)
  A deep elf pyromancer (D:9)
  An ugly thing (D:9)
  Maurice (D:8)
  A slime creature (D:9)
  A wyvern (D:8)
  2 water moccasins (D:6)
  A sky beast (D:8)
  3 orc warriors
  4 centaurs
  A kobold brigand (D:8)
  6 bullfrogs
  3 wyvern zombies
  2 scorpions
  A killer bee (D:8)
  3 wights (D:8)
  9 howler monkeys
  4 centaur zombies
  2 orc priests (D:8)
  A jelly (D:7)
  A hound (D:6)
  2 centaur skeletons
  Terence (D:3)
  Natasha (thrice) (D:3)
  5 orc wizards
  2 killer bee zombies (D:8)
  A howler monkey zombie (D:9)
  8 gnolls
  A howler monkey skeleton (D:6)
  4 adders
  A white imp (D:8)
  An adder zombie (D:5)
  2 worms
  4 dart slugs
  20 orcs
  8 endoplasms
  3 giant cockroaches
  4 goblins
  3 hobgoblins (D:3)
  4 jackals (D:2)
  3 kobolds
  2 quokkas
  A ball python (D:3)
  7 bats
  4 frilled lizards
  4 rats
153 creatures vanquished.

Notes
Turn   | Place    | Note
-------+----------+-------------------------------------------
     0 | D:1      | dr0g0th the Gargoyle Fighter began the quest for the Orb.
     0 | D:1      | Reached XP level 1. HP: 14/14 MP: 1/1
    12 | D:1      | Found a faded altar of an unknown god.
   402 | D:1      | Reached XP level 2. HP: 17/19 MP: 2/2
   978 | D:2      | Reached XP level 3. HP: 23/23 MP: 3/3
  1037 | D:2      | Reached skill level 3 in Maces & Flails
  1037 | D:2      | Reached XP level 4. HP: 22/29 MP: 4/4
  1897 | D:3      | Noticed Natasha
  1956 | D:3      | Noticed Terence
  1962 | D:3      | Reached XP level 5. HP: 28/33 MP: 5/5
  1987 | D:3      | Killed Terence
  2070 | D:3      | Killed Natasha
  2079 | D:3      | Noticed Natasha
  2080 | D:3      | Found an opulent altar of Gozag.
  2082 | D:3      | Killed Natasha
  2083 | D:3      | Reached skill level 4 in Maces & Flails
  2087 | D:3      | Noticed Natasha
  2109 | D:3      | Killed Natasha
  2110 | D:3      | Reached XP level 6. HP: 33/39 MP: 6/6
  2619 | D:4      | You fall into a shaft and drop 1 floor!
  2619 | D:5      | Entered Level 5 of the Dungeon
  3531 | D:6      | Reached skill level 5 in Maces & Flails
  3531 | D:6      | Reached XP level 7. HP: 44/44 MP: 7/7
  3577 | D:6      | Reached skill level 5 in Armour
  3584 | D:6      | Reached skill level 5 in Fighting
  4108 | D:6      | Noticed Pikel
  4119 | D:6      | Reached skill level 6 in Maces & Flails
  4130 | D:6      | Killed Pikel
  4131 | D:6      | Reached skill level 7 in Maces & Flails
  4131 | D:6      | Reached XP level 8. HP: 38/51 MP: 8/8
  5446 | D:7      | Reached skill level 5 in Shields
  5625 | D:7      | Identified a scroll of acquirement
  5625 | D:7      | Acquired a ring of resist corrosion
  5777 | D:8      | Reached skill level 8 in Maces & Flails
  5777 | D:8      | Reached XP level 9. HP: 52/55 MP: 9/9
  6002 | D:8      | Noticed a centaur warrior
  6016 | D:8      | Killed a centaur warrior
  6017 | D:8      | Reached skill level 9 in Maces & Flails
  6017 | D:8      | Reached skill level 1 in Dodging
  6236 | D:8      | Reached XP level 10. HP: 37/63 MP: 7/10
  6415 | D:8      | Reached skill level 10 in Maces & Flails
  6777 | D:8      | Noticed Maurice
  6851 | D:8      | Killed Maurice
  7008 | D:8      | Found Qimen's Elemental Accessories.
  7207 | D:8      | Noticed Erica
  7243 | D:8      | Killed Erica
  7695 | D:9      | Found a transporter.
  7699 | D:9      | Identified the +4 great mace "Oloiblet" {vamp, *Noise rC+
                  | Will++ Dex+4}
  7699 | D:9      | Noticed a two-headed ogre
  7700 | D:9      | Noticed a two-headed ogre
  7700 | D:9      | Noticed KennySheep's ghost (novice DECj)
  7701 | D:9      | Noticed a two-headed ogre
  7727 | D:9      | Reached skill level 11 in Maces & Flails
  7758 | D:9      | Noticed a deep elf pyromancer
  7766 | D:9      | Killed a deep elf pyromancer
  7987 | D:9      | Noticed a white ugly thing
  7987 | D:9      | Noticed a centaur warrior
  7990 | D:9      | Noticed a wizard
  7991 | D:9      | Noticed a centaur warrior
  8008 | D:9      | Killed a white ugly thing
  8011 | D:9      | Noticed a centaur warrior
  8061 | D:9      | Killed a wizard
  8288 | D:9      | Noticed a six-headed hydra
  8297 | D:9      | Killed a six-headed hydra
  8298 | D:9      | Reached skill level 12 in Maces & Flails
  8298 | D:9      | Reached XP level 11. HP: 53/69 MP: 8/11
  8610 | D:9      | Killed a centaur warrior
  8747 | D:9      | Found a transporter.
  8802 | D:9      | Found a hide-covered altar of Uskayaw.
  8802 | D:9      | Found a white marble altar of Elyvilon.
  8809 | D:9      | Found a faded altar of an unknown god.
  8811 | D:9      | Found an ancient bone altar of Kikubaaqudgha.
  8813 | D:9      | Found a faded altar of an unknown god.
  8910 | D:9      | Killed a centaur warrior
  9183 | D:10     | Entered Level 10 of the Dungeon
  9183 | D:10     | Noticed a two-headed ogre
  9185 | D:10     | Noticed Maggie
  9200 | D:9      | Slain by a two-headed ogre

Illustrated notes

Levels and vault maps discovered:
D:1:      mrwooster_arrival_statue_3, layout_basic, serial_co_window_serial,
          co_window_paths_b, co_window_paths_b, co_window_corner_a,
          co_window_paths_a, co_window_paths_b, co_window_2corner,
          co_window_of_opportunity_b, co_window_unsneaky_path_d,
          co_window_corner_ca, glass_columns_c, glass_columns_c,
          glass_columns_a, glass_columns_b, ebering_ecumenical_altar_rust,
          chequers_serial_rivers_small_b, kennysheep_crisscross
D:2:      layout_loops_ring
D:3:      layout_basic, nicolae_overflow_crystal_walls, uniq_natasha,
          uniq_terence
D:4:      layout_loops_ring, mainiacjoe_overflow_concentric_impassable,
          minmay_temple_entry_nine_rooms, uniq_duvessa
D:5:      layout_basic
D:6:      layout_basic, uniq_pikel
D:7:      layout_loops_ring
D:8:      minmay_s_stair_smasher, layout_basic, nicolae_elemental_shop,
          kennysheep_small_square, uniq_maurice, uniq_erica
D:9:      minmay_the_grid_four_pointed_star
          [minmay_the_grid_triangle_9x9_corrupted_corridor,
          minmay_the_grid_triangle_9x9_zippers_horizontal,
          minmay_the_grid_triangle_9x9_empty,
          minmay_the_grid_triangle_9x9_from_above,
          minmay_the_grid_prize_four_corners], layout_stronghold,
          chequers_temple_overflow_minitemple, gammafunk_ghost_smash
D:10:     layout_rooms, mainiacjoe_overflow_boulevard, lair_entry_dummy,
          minivault_11, grunt_ministairs_2, uniq_maggie, uniq_gastronok,
          uniq_grum

Skill      XL: |  1  2  3  4  5  6  7  8  9 10 11 |
---------------+----------------------------------+-----
Maces & Flails | 3 4 5 7 8 9 12 | 12.4
Fighting       | 4 5 6 7 8 |  8.7
Armour         | 4 5 6 7 8 |  8.7
Shields        | 4 5 6 7 |  7.1
Dodging        | 1 |  1.7
Stealth        | |  0.5

Action                   |  1- 3 |  4- 6 |  7- 9 | 10-12 || total
-------------------------+-------+-------+-------+-------++-------
Melee: Flail             |    53 |   211 |       |       ||   264
       Morningstar       |       |     5 |   274 |   286 ||   565
  Use: Scroll            |       |    11 |     3 |     2 ||    16
       Potion            |       |       |     1 |     4 ||     5
Armor: Scale mail        |    19 |     5 |       |       ||    24
       Plate armour      |       |    96 |   214 |   182 ||   492
Dodge: Dodged            |    37 |    95 |   149 |   127 ||   408
Block: Buckler           |    13 |    44 |    68 |    57 ||   182

Table legend: (Time is in decaauts)
 A = Elapsed time spent in this place.
 B = Non-inter-level travel time spent in this place.
 C = Inter-level travel time spent in this place.
 D = Time resting spent in this place.
 E = Time spent auto-exploring this place.
 F = Levels seen in this place.
 G = Mean time per level.
                   A        B        C        D        E       F      G
               +--------+--------+--------+--------+--------+-----+--------+
         Total |   9285 |   8912 |    373 |    846 |   6434 |  10 |  928.5 |
       Dungeon |   9285 |   8912 |    373 |    846 |   6434 |  10 |  928.5 |
               +--------+--------+--------+--------+--------+-----+--------+

Top non-repeatable levels by time:
     D:8: 1879 daAuts
     D:9: 1630 daAuts
     D:6: 1227 daAuts
     D:2: 1021 daAuts
     D:7: 967 daAuts
     D:1: 933 daAuts
     D:5: 893 daAuts
     D:3: 720 daAuts
    D:10: 7 daAuts
     D:4: 2 daAuts
